 Dungeon Crawl Stone Soup version 0.23.2-1-ga50397a6bc (webtiles) character file.

Game seed: 9892984726952463882

24496 Kobolds4U the Fencer (level 12, -2/115 HPs)
             Began as a Minotaur Fighter on Apr 28, 2019.
             Was a Believer of Ashenzari.
             Killed from afar by a hell hound (4 damage)
             ... with a blast of flame
             ... led by Azrael
             ... on level 13 of the Dungeon.
             The game lasted 00:34:21 (14891 turns).

Kobolds4U the Fencer (Minotaur Fighter)            Turns: 14891, Time: 00:34:22

Health: -2/115     AC: 22    Str: 24    XL:     12   Next: 81%
Magic:  11/11      EV: 12    Int: 11    God:    Ashenzari [**....]
Gold:   946        SH:  0    Dex: 14    Spells: 11/11 levels left

rFire    . . .     SeeInvis .   t - +0 great sword
rCold    . . .     Gourm    +   (shield currently unavailable)
rNeg     . . .     Faith    .   V - +0 plate armour (curse)
rPois    .         Spirit   .   (helmet restricted)
rElec    .         Reflect  .   p - +1 cloak {MR+} (curse)
rCorr    .         Harm     .   h - +0 pair of gloves (curse)
MR       +....                  (no boots)
Stlth    ..........             k - amulet of the gourmand
HPRegen  0.29/turn              r - +3 ring of strength
MPRegen  0.12/turn              O - +3 ring of protection

@: brilliant, flying, invisible
A: retaliatory headbutt, horns 2
a: Curse Item, Scrying, Renounce Religion


You were on level 13 of the Dungeon.
You worshipped Ashenzari.
Ashenzari was pleased with you.
You were completely stuffed.

You visited 2 branches of the dungeon, and saw 14 of its levels.
You also visited: Sewer.

You collected 946 gold pieces.

Inventory:

Hand Weapons
 m - a +2 long sword
 t - a +0 great sword (weapon)
 A - a +3 scimitar of flaming
 G - a +2 whip of flaming
Missiles
 l - 14 javelins (quivered)
Armour
 h - a cursed +0 pair of gloves (worn)
 p - a cursed +1 cloak of magic resistance (worn)
 V - a cursed +0 plate armour (worn)
Jewellery
 k - an amulet of the gourmand (around neck)
 r - a +3 ring of strength (left hand)
 B - an uncursed ring of ice
 C - a +4 ring of intelligence
 E - an uncursed ring of wizardry
 H - an uncursed ring of magical power
 N - a +6 ring of intelligence
 O - a +3 ring of protection (right hand)
Wands
 v - a wand of random effects (16)
 F - a wand of enslavement (9)
 I - a wand of iceblast (13)
 P - a wand of disintegration (21)
Scrolls
 c - a scroll of vulnerability {unknown}
 g - 2 scrolls of amnesia
 i - 5 scrolls of remove curse
 j - 5 scrolls of enchant weapon
 n - 2 scrolls of fog
 o - 3 scrolls of immolation
 u - 2 scrolls of blinking
 x - 5 scrolls of teleportation
 y - 4 scrolls of enchant armour
 D - a scroll of holy word
 M - a scroll of fear {unknown}
 R - a scroll of noise {unknown}
Potions
 d - a potion of might
 e - 3 potions of haste
 q - 2 potions of lignification
 J - a potion of berserk rage {unknown}
 K - a potion of resistance {unknown}
 L - a potion of mutation {unknown}
Comestibles
 a - 8 chunks of flesh
 f - 25 rations


   Skills:
 + Level 13.1 Fighting
 + Level 17.2 Long Blades
 - Level 10.0(12.1) Armour
 + Level 8.9 Dodging
   Level 3.6 Shields


You had 11 spell levels left.
You didn't know any spells.
Your spell library contained the following spells:

 Spells                   Type           Power        Failure   Level  Hunger
 Beastly Appendage        Tmut           #.....       32%         1    ##.....
 Magic Dart               Conj           #...         32%         1    ##.....
 Sandblast                Erth           #.....       32%         1    ##.....
 Summon Small Mammal      Summ           #...         32%         1    ##.....
 Blink                    Tloc           N/A          43%         2    ###....
 Call Imp                 Summ           #.......     43%         2    ###....
 Passwall                 Tmut/Erth      #.......     43%         2    ###....
 Slow                     Hex            #.......     43%         2    ###....
 Sticks to Snakes         Tmut           #.......     43%         2    ###....
 Call Canine Familiar     Summ           #.......     63%         3    ####...
 Conjure Flame            Conj/Fire      #.......     63%         3    ####...
 Mephitic Cloud           Conj/Pois/Air  #.......     63%         3    ####...
 Spider Form              Tmut/Pois      #.........   63%         3    ####...
 Stone Arrow              Conj/Erth      #.....       63%         3    ####...
 Summon Guardian Golem    Hex/Summ       #.......     63%         3    ####...
 Ice Form                 Ice/Tmut       #.......     92%         4    #####..
 Petrify                  Tmut/Erth      #.......     92%         4    #####..
 Summon Ice Beast         Ice/Summ       #.......     92%         4    #####..
 Summon Lightning Spire   Summ/Air       #.......     92%         4    #####..
 Blade Hands              Tmut           #.........   99%         5    ######.
 Lee's Rapid Deconstruct  Erth           #.........   99%         5    ######.


Dungeon Overview and Level Annotations

Branches:
Dungeon (13/15)            Temple (1/1) D:4            Lair (0/6) D:11
    Orc (0/2) D:9          Vaults (0/5) D:13

Altars:
Ashenzari
Cheibriados
Dithmenos
Elyvilon
Fedhas
Gozag
Hepliaklqana
Kikubaaqudgha
Makhleb
Nemelex Xobeh
Okawaru
Qazlal
Ru
Sif Muna
Trog
Uskayaw
Vehumet
Wu Jian
Xom
Yredelemnul
Zin
The Shining One

Portals:
Trove: D:11 (show abyssal rune of Zot)


Innate Abilities, Weirdness & Mutations

You reflexively headbutt those who attack you in melee.
You have a pair of horns on your head.


Message History

You feel very buoyant.
You fly up into the air.
The hell hound bites you but does no damage.
The hell hound closely misses you. You furiously retaliate!
You headbutt the hell hound! The hell hound breathes flames at you.
The blast of flame hits you!
* * * LOW HITPOINT WARNING * * *
The hell hound bites you but does no damage.
It was a potion of magic.
Magic courses through your body. The hell hound closely misses you.
You riposte.
You closely miss the hell hound.
The hell hound is severely wounded.
The hell hound bites you but does no damage.
It was a potion of invisibility.
You fade into invisibility!
The hell hound bites you but does no damage.
The hell hound breathes flames at you. The blast of flame hits you.
You die...

#...#
#...#
#...#
#...#
#...#
#...#
#..E#
#.hh#
#.V@#
#...#
#...#
#...#
#...#
#...#
#...#
#...#
#...#


You could see a fire elemental, a vampire and 2 hell hounds.

Vanquished Creatures
  Kirke (D:13)
  Azrael (D:13)
  5 vault guards
  A centaur warrior (D:9)
  Urug (D:11)
  3 unseen horrors
  Pikel (D:6)
  A deep elf mage (D:12)
  2 ugly things
  A cyclops (D:9)
  Psyche (D:10)
  2 gargoyles
  An efreet (D:12)
  2 trolls (D:12)
  3 hippogriffs
  2 hornets
  Grinder (D:4)
  2 wyverns (D:11)
  7 yaks
  Eustachio (D:6)
  A water elemental (D:11)
  2 wraiths (D:12)
  A basilisk (shapeshifter) (D:13)
  3 fire elementals (D:13)
  3 hogs (D:9)
  A human (D:9)
  Grum (D:9)
  2 basilisks
  3 hungry ghosts
  Edmund (D:4)
  An acid dragon (D:12)
  A hell hound (D:13)
  2 orc warriors
  2 sky beasts
  15 ice beasts
  A slave (D:6)
  6 ogres
  4 phantoms
  A black bear (D:8)
  2 wolves (D:9)
  9 centaurs
  3 crocodiles
  4 big kobolds (D:5)
  5 bullfrogs
  A wyvern zombie (D:7)
  A wyvern skeleton (D:12)
  2 scorpions
  6 electric eels (D:11)
  2 howler monkeys (D:3)
  A crimson imp (D:13)
  A centaur zombie (D:6)
  A bullfrog zombie (D:5)
  A jelly (D:9)
  6 orc priests
  Crazy Yiuf (D:2)
  A bullfrog skeleton (D:4)
  3 centaur skeletons
  4 hounds
  Jessica (D:3)
  7 iguanas
  12 worker ants
  13 orc wizards
  8 ogre zombies (D:9)
  A hound zombie (D:4)
  A hound skeleton (D:4)
  2 worker ant zombies
  7 adders
  12 gnolls
  A river rat (D:5)
  A shadow imp (D:12)
  2 oozes
  3 adder skeletons
  2 worms
  An adder simulacrum (D:9)
  2 dart slugs (D:1)
  5 leopard geckos
  35 orcs
  11 bats
  6 giant cockroaches
  37 goblins
  23 hobgoblins
  15 jackals
  3 quokkas
  3 ball pythons
  3 frilled lizards
  4 goblin zombies (D:9)
  4 hobgoblin zombies (D:9)
  16 kobolds
  2 leopard gecko skeletons
  4 orc skeletons (D:9)
  13 orc zombies (D:9)
  A quokka skeleton (D:5)
  7 rats
412 creatures vanquished.

Vanquished Creatures (others)
  6 humans (D:13)
  A howler monkey (D:6)
7 creatures vanquished.

Grand Total: 419 creatures vanquished

Notes
Turn   | Place    | Note
-------+----------+-------------------------------------------
     0 | D:1      | Kobolds4U the Minotaur Fighter began the quest for the Orb.
     0 | D:1      | Reached XP level 1. HP: 19/19 MP: 0/0
    98 | D:1      | Reached skill level 3 in Long Blades
   148 | D:1      | Reached XP level 2. HP: 20/26 MP: 1/1
   408 | D:1      | You fall through a shaft!
   413 | D:2      | Reached skill level 4 in Long Blades
   706 | D:1      | Reached XP level 3. HP: 31/31 MP: 2/2
   790 | D:2      | You fall through a shaft!
   905 | D:2      | Found a runed translucent door.
   906 | D:2      | Noticed Crazy Yiuf
  1007 | D:2      | Killed Crazy Yiuf
  1007 | D:2      | Reached skill level 5 in Long Blades
  1007 | D:2      | Reached XP level 4. HP: 26/39 MP: 3/3
  1326 | D:2      | Reached skill level 6 in Long Blades
  1464 | D:3      | Reached XP level 5. HP: 22/45 MP: 4/4
  1529 | D:3      | Noticed Jessica
  1536 | D:3      | Killed Jessica
  1823 | D:3      | Reached skill level 7 in Long Blades
  1941 | D:3      | Reached XP level 6. HP: 47/52 MP: 5/5
  2140 | D:4      | Noticed Edmund
  2149 | D:4      | Killed Edmund
  2149 | D:4      | Reached skill level 8 in Long Blades
  2193 | D:4      | Reached skill level 5 in Fighting
  2301 | D:4      | Found a staircase to the Ecumenical Temple.
  2310 | D:4      | Reached XP level 7. HP: 60/61 MP: 6/6
  2313 | Temple   | Entered the Ecumenical Temple
  2685 | Temple   | Became a worshipper of Ashenzari the Shackled
  2980 | D:4      | Noticed Grinder
  3001 | D:4      | Killed Grinder
  3001 | D:4      | Reached skill level 9 in Long Blades
  3364 | D:4      | Reached XP level 8. HP: 56/71 MP: 7/7
  3595 | D:4      | Reached skill level 10 in Long Blades
  3692 | D:5      | Entered Level 5 of the Dungeon
  3804 | D:5      | Found a glowing drain.
  3808 | Sewer    | Entered a sewer
  4007 | D:5      | Reached skill level 5 in Armour
  4527 | D:5      | Reached skill level 11 in Long Blades
  5000 | D:6      | Reached XP level 9. HP: 75/80 MP: 8/8
  5013 | D:6      | Noticed Eustachio
  5029 | D:6      | Killed Eustachio
  5314 | D:6      | Noticed Pikel
  5326 | D:6      | Killed Pikel
  5326 | D:6      | Reached skill level 12 in Long Blades
  5487 | D:7      | Reached * piety under Ashenzari
  6441 | D:8      | Reached skill level 13 in Long Blades
  6548 | D:8      | Reached XP level 10. HP: 80/91 MP: 9/9
  7657 | D:9      | Noticed a centaur warrior
  7680 | D:9      | Killed a centaur warrior
  7680 | D:9      | Reached skill level 10 in Fighting
  7680 | D:9      | Reached skill level 14 in Long Blades
  7686 | D:9      | HP: 3/93 [something (5)]
  8123 | D:9      | Killed an unseen horror
  8301 | D:9      | Noticed a cyclops
  8309 | D:9      | Killed a cyclops
  8506 | D:9      | Found a shadowy altar of Dithmenos.
  8556 | D:9      | Found a staircase to the Orcish Mines.
  8708 | D:9      | Noticed Grum
  8720 | D:9      | Killed Grum
  9102 | D:10     | Entered Level 10 of the Dungeon
  9175 | D:10     | Reached XP level 11. HP: 101/101 MP: 10/10
  9372 | D:10     | Reached ** piety under Ashenzari
  9485 | D:10     | Noticed Psyche
  9492 | D:10     | Killed Psyche
  9740 | D:10     | Reached skill level 15 in Long Blades
  9858 | D:11     | Noticed Urug
 10242 | D:11     | Killed Urug
 10242 | D:11     | Reached skill level 10 in Armour
 10247 | D:11     | HP: 5/102 [centaur/arrow (8)]
 10624 | D:11     | Reached skill level 1 in Dodging
 10691 | D:11     | Found a portal to a secret trove of treasure.
 11023 | D:11     | Found a staircase to the Lair.
 12004 | D:11     | Killed an unseen horror
 12727 | D:12     | Reached skill level 16 in Long Blades
 12727 | D:12     | Reached skill level 5 in Dodging
 12885 | D:12     | Noticed a deep elf mage
 12894 | D:12     | Killed an unseen horror
 12901 | D:12     | Killed a deep elf mage
 13120 | D:11     | Reached XP level 12. HP: 33/112 MP: 11/11
 13986 | D:13     | Noticed a vault guard
 13988 | D:13     | Noticed a vault guard
 14009 | D:12     | Killed a vault guard
 14239 | D:13     | Noticed a vault guard
 14241 | D:13     | Noticed a vault guard
 14255 | D:13     | Killed a vault guard
 14285 | D:12     | Killed a vault guard
 14676 | D:13     | Killed a vault guard
 14708 | D:13     | Found a gate to the Vaults.
 14714 | D:13     | Noticed Kirke
 14715 | D:13     | Noticed a vault guard
 14725 | D:13     | Killed Kirke
 14740 | D:13     | Killed a vault guard
 14740 | D:13     | Reached skill level 17 in Long Blades
 14865 | D:13     | Noticed Azrael
 14874 | D:13     | Killed Azrael
 14889 | D:13     | HP: 1/115 [hell hound/blast of flame[Azrael] (7)]
 14891 | D:13     | Killed from afar by a hell hound

Skill      XL: |  1  2  3  4  5  6  7  8  9 10 11 12 |
---------------+-------------------------------------+-----
Long Blades    | 3 4 5 6 7 8 9 11 13 14 16 17 | 17.2
Fighting       | 4 5 6 7 9 10 11 13 | 13.1
Armour         | 4 5 7 9 10 | 10.0
Dodging        | 5 8 |  8.9
Shields        | |  3.6

Action                   |  1- 3 |  4- 6 |  7- 9 | 10-12 || total
-------------------------+-------+-------+-------+-------++-------
Melee: Long sword        |    91 |   105 |   467 |   553 ||  1216
       Headbutt          |    18 |    27 |   104 |   200 ||   349
       Scimitar          |       |       |       |   130 ||   130
       Great sword       |       |       |       |    38 ||    38
Invok: Curse Item        |       |       |       |     4 ||     4
  Use: Scroll            |       |       |       |    15 ||    15
       Potion            |       |       |       |     8 ||     8
  Eat: Chunk             |    15 |     5 |    29 |    35 ||    84
Armor: Scale mail        |    44 |    23 |       |       ||    67
       Chain mail        |       |    32 |   208 |   377 ||   617
       Plate armour      |       |       |       |    48 ||    48
Dodge: Dodged            |    37 |    29 |    96 |   210 ||   372
Block: Shield            |    53 |    63 |   171 |    84 ||   371
       Rpst.: Long sword |     9 |     9 |    21 |    33 ||    72
       Scimitar          |       |       |       |    16 ||    16
       Great sword       |       |       |       |     9 ||     9
